 Seeded DCSS version 0.30.1-11-g7821555f0a (webtiles) character file.

Game seed: 430007637681659361 (custom seed)

51 strifetoe the Magician (level 4, -2/31 HPs)
             Began as a Djinni Hedge Wizard on Nov 9, 2023.
             Slain by a hobgoblin (4 damage)
             ... on level 2 of the Dungeon.
             The game lasted 00:02:26 (986 turns).

strifetoe the Magician (Djinni Hedge Wizard)         Turns: 986, Time: 00:02:27

Health: -2/31      AC:  2    Str:  9    XL:     4   Next: 7%
Gold:   50         EV: 12    Int: 18    God:
                   SH:  0    Dex: 12

rFire   + + .        l - +1 whip (elec)
rCold   x . .        (no shield)
rNeg    . . .        b - +0 robe
rPois   ∞            c - +0 hat
rElec   .            (no cloak)
rCorr   .            (no gloves)
SInv    .            (boots unavailable)
Will    .....        (no amulet)
Stlth   ++           (no ring)
HPRegen 0.25/turn    (no ring)
MPRegen 0.00/turn

%: infuse magic (-3 HP)
@: flying
A: sickness immunity, fire resistance 2, cold vulnerability 1, float, innate
caster, HP casting, extra vitality 1
a: no special abilities


You were on level 2 of the Dungeon.
You visited 1 branch of the dungeon, and saw 2 of its levels.

You collected 50 gold pieces.

Inventory:

Hand Weapons
 a - a +0 dagger
 i - a +3 war axe
 l - a +1 whip of electrocution (weapon)
Armour
 b - a +0 robe (worn)
 c - a +0 hat (worn)
Scrolls
 e - a scroll of fear {unknown}
 f - 2 scrolls of noise {unknown}
 g - a scroll of brand weapon {unknown}
 h - a scroll of vulnerability {unknown}
 k - a scroll of identify {unknown}
Potions
 d - a potion of ambrosia {unknown}
 j - a potion of curing {unknown}
 m - a potion of cancellation {unknown}


   Skills:
 - Level 2.1 Dodging
 - Level 1.5 Stealth
 + Level 3.6 Spellcasting


You knew the following spells:

 Your Spells              Type           Power      Damage    Failure   Level
a - Magic Dart            Conj           64%        1d6       3%          1
b - Slow                  Hex            64%        N/A       3%          1
c - Blink                 Tloc           32%        N/A       5%          2
d - Call Imp              Summ           32%        N/A       5%          2
e - Mephitic Cloud        Conj/Pois/Air  16%        N/A       11%         3
f - Sting                 Tmut/Pois      64%        1d6       3%          1
Your spell library was empty.

Dungeon Overview and Level Annotations

Branches:
Dungeon (2/15)

Altars:

Annotations:
D:2 Terence


Innate Abilities, Weirdness & Mutations

You are immune to sickness and miasma.
You are immune to poison.
Your flesh is very heat resistant. (rF++)
You are vulnerable to cold. (rC-)
You float through the air rather than walking.
You learn spells naturally, not from books.
Your magical power is your life essence.
You have superior vitality. (+4 MHP)


Message History

Confirm with . or Enter, or press ? or * to list all spells.
A tiny devil pulls itself out of the air.
Your cerulean imp says, "I yield to your service, my grandiloquent and greatest voivode!"
Your cerulean imp disappears in a puff of smoke!
The adder bites you.
* * * LOW HITPOINT WARNING * * *
Your cerulean imp hits the adder but does no damage.
The adder completely misses you.
Your cerulean imp hits the adder with a -3 spear.
You closely miss the adder.
The adder is heavily wounded.
The adder closely misses you.
The hobgoblin closely misses your cerulean imp.
Your cerulean imp hits the adder with a -3 spear.
You miss the adder.
The adder is heavily wounded.
The adder misses you.
The hobgoblin barely misses your cerulean imp.
Your cerulean imp barely misses the adder.
The adder barely misses you.
You hit the adder. Lightning courses through the adder!
You kill the adder!
Your cerulean imp closely misses the hobgoblin.
You have reached level 4!
You feel clever.
Your cerulean imp hits the hobgoblin but does no damage.
Your cerulean imp completely misses Terence.
The hobgoblin attacks as you move away! The hobgoblin hits you.
* * * LOW HITPOINT WARNING * * *
Your cerulean imp hits the ball python with a -3 spear.
A ball python comes into view.
The hobgoblin attacks as you move away! The hobgoblin hits you.
* * * LOW HITPOINT WARNING * * *
Casting: Call Imp (safe; 5% risk of failure)
Confirm with . or Enter, or press ? or * to list all spells.
A tiny devil pulls itself out of the air.
* * * LOW HITPOINT WARNING * * *
The hobgoblin misses you. The hobgoblin attacks as you move away!
The hobgoblin hits you.
You die...

..# #.# .<.:...## ..# .S......##
###.#####.S .........#
#.S.......# ###### .........#
#.#.###### #....# .........#
#.#@## ######....# .........#
#@#.g######.........#
.........###S##.@.##.@.####@...#
......S.....5####....### #....#
........###### ##5.## ###.##
.........# ##...# #.# .........#
#..#.# #.# .$..@.[..# ###.##.#
#@# .........# ###...# .# #.#
.........# ##.5.### .....####.##
........####.@### ## #.......#


You could see Terence, a hobgoblin (ally target), a ball python and a friendly
cerulean imp (summoned).

Vanquished Creatures
  2 adders (D:2)
  A dart slug (D:1)
  An endoplasm (D:1)
  3 giant cockroaches (D:1)
  2 goblins (D:1)
  3 hobgoblins (D:1)
  2 quokkas (D:1)
  5 ball pythons (D:1)
  7 bats
  A frilled lizard (D:1)
  A kobold (D:1)
  4 rats (D:1)
32 creatures vanquished.

Vanquished Creatures (collateral kills)
  A bat (D:2)
1 creature vanquished.

Grand Total: 33 creatures vanquished

Notes
Turn   | Place    | Note
-------+----------+-------------------------------------------
     0 | D:1      | strifetoe the Djinni Hedge Wizard began the quest for the
                  | Orb.
     0 | D:1      | strifetoe set off with the following spells memorised:
                  | Magic Dart, Slow, Blink, Call Imp, Mephitic Cloud.
     0 | D:1      | Reached XP level 1. HP: 15/15 MP: 0/0
   124 | D:1      | Reached XP level 2. HP: 18/21 MP: 0/0
   249 | D:1      | Reached skill level 3 in Spellcasting
   449 | D:1      | Reached XP level 3. HP: 20/25 MP: 0/0
   449 | D:1      | Learned a level 1 spell: Sting
   873 | D:2      | Noticed Terence
   978 | D:2      | Reached XP level 4. HP: 10/31 MP: 0/0
   986 | D:2      | Slain by a hobgoblin

Illustrated notes

Levels and vault maps discovered:
D:1:      wander_arrival_chamber, layout_basic, kennysheep_boxes
D:2:      layout_rooms, dilly_ecumenical_altar_fadedgnrine, basic_altar,
          uniq_terence

Skill      XL: |  1  2 |
---------------+-------+-----
Spellcasting   | 3 |  3.6
Dodging        | |  2.1
Stealth        | |  1.5

Action                     |  1- 3 |  4- 6 || total
---------------------------+-------+-------++-------
  Melee: Dagger            |    58 |       ||    58
         Whip              |     6 |       ||     6
   Cast: Magic Dart        |    54 |       ||    54
         Call Imp          |     8 |     1 ||     9
         Slow              |     1 |       ||     1
         Sting             |     1 |       ||     1
 Armour: Robe              |    28 |       ||    28
  Dodge: Dodged            |    63 |     1 ||    64
